 Dungeon Crawl Stone Soup version 0.16-a0-715-g16937c4 (webtiles) character file.

7 PolkaDot the Caller (level 1, 0/13 HPs)
             Began as a Vampire Summoner on Sept 21, 2014.
             Slain by a gnoll
             ... wielding a +0 spear
              (5 damage)
             ... on Level 1 of the Dungeon.
             The game lasted 00:01:50 (397 turns).

PolkaDot the Caller (Vampire Summoner)               Turns: 397, Time: 00:01:50

HP   0/13        AC  3     Str  7      XL: 1   Next: 83%
MP   0/3         EV 12     Int 17      God:
Gold 10          SH  0     Dex 14      Spells:  1 memorised,  3 levels left

rFire  . . .     SeeInvis +     i - +0 dagger (drain)
rCold  . . .     Clarity  .     a - +0 robe
rNeg   . . .     rCorr    .     (no shield)
rPois  .         rRot     .     (no helmet)
rElec  .         Spirit   .     (no cloak)
SustAb .         Warding  .     (no gloves)
rMut   .         Stasis   .     f - +0 pair of boots
Gourm  .                        (no amulet)
MR     .....                    (no ring)
                                d - cursed ring of loudness

@: regenerating quickly, not resistant to hostile enchantments, very unstealthy
A: fangs 3, see invisible, unbreathing
a: no special abilities


You were on level 1 of the Dungeon.
You were very full.

You visited 1 branch of the dungeon, and saw 1 of its levels.

You collected 10 gold pieces.

Inventory:

Hand weapons
 i - a +0 dagger of draining (weapon)
Armour
 a - a +0 robe (worn)
 f - a +0 pair of boots (worn)
Scrolls
 g - a scroll of remove curse {unknown}
Jewellery
 d - a cursed ring of loudness (left hand)
Potions
 c - a potion of blood {@*1}
 e - a potion of haste {unknown}
 h - a potion of restore abilities {unknown}
Books
 b - a book of Callings

   Spells                             Type                      Level
   *Summon Small Mammal               Summoning                    1
   Call Imp                           Summoning                    2
   Call Canine Familiar               Summoning                    3
   Summon Guardian Golem              Hexes/Summoning              4
   Summon Lightning Spire             Summoning/Air                4
   Summon Ice Beast                   Ice/Summoning                4


   Skills:
 - Level 2.1 Dodging
 - Level 3.0 Stealth
 - Level 2.0 Spellcasting
 * Level 4.4 Summonings


You had 3 spell levels left.
You knew the following spells:

 Your Spells              Type           Power        Failure   Level  Hunger
a - Summon Small Mammal   Summ           ###.         3%          1    #......


Dungeon Overview and Level Annotations

Branches:
Dungeon (1/15)

Altars:


Innate Abilities, Weirdness & Mutations

Your natural rate of healing is unusually fast.
You have razor-sharp teeth.
You have supernaturally acute eyesight.
You can survive without breathing.


Message History

Casting: Summon Small Mammal
Confirm with . or Enter, or press ? or * to list all spells.
The gnoll hits your rat with a spear!
Your rat dies!
Your rat's corpse disappears in a puff of smoke!
Casting: Summon Small Mammal
Confirm with . or Enter, or press ? or * to list all spells.
* * * LOW MAGIC WARNING * * *
Your quokka bites the gnoll.
Your quokka closely misses the gnoll.
Your quokka closely misses the gnoll.
Your quokka bites the gnoll.
Your quokka bites the gnoll.
Your quokka bites the gnoll.
Your quokka barely misses the gnoll.
Your quokka barely misses the gnoll.
Casting: Summon Small Mammal
Confirm with . or Enter, or press ? or * to list all spells.
* * * LOW MAGIC WARNING * * *
The gnoll hits you from afar with a spear.
You die...

#...# ..#)#.......#. . #...#
..#.#.#.......#####. #...#
#...#.#.#%..+......... #(..#
#.#.#.#.#.....####..## #...#
#.#.#.#.#......####.## #...#
#...#.#.#.(.....###..# #(..#
#...r.#..........###.. #...#
#.....#+r........'....
#...########....@.gr..........)..
.....(..........#.##.......#####.
....##########.#..###......# ##
#.................# ##.....# #
.....############## #.+##.# #
.....# ######## ##..#.# ....##
####......#### #....# ....#
##............####.#.#
....###....####......# #.#.#


You could see a gnoll, 2 friendly quokkas and a friendly rat.

Vanquished Creatures
  3 bats (D:1)
  3 goblins (D:1)
  A kobold (D:1)
7 creatures vanquished.

Vanquished Creatures (others)
  A rat (D:1)
1 creature vanquished.

Grand Total: 8 creatures vanquished

Notes
Turn   | Place    | Note
--------------------------------------------------------------
     0 | D:1      | PolkaDot, the Vampire Summoner, began the quest for the Orb.
     0 | D:1      | Reached XP level 1. HP: 13/13 MP: 3/3
   397 | D:1      | Slain by a gnoll

Action                   || total
-------------------------++-------
Melee: Club              ||    10
       Dagger            ||     6
       Unarmed           ||     1
 Cast: Summon Small Mamm ||     7
  Eat: Corpse            ||     5
